 Dungeon Crawl Stone Soup version 0.24.0-13-gcf9b3192b9 (webtiles) character file.

Game seed: 10159393638330272099, levelgen mode: deterministic

42 Esekla the Grasshopper (level 3, 0/20 HPs)
             Began as a Deep Elf Warper on Nov 6, 2019.
             Killed from afar by an orc wizard (8 damage)
             ... with a magic dart
             ... on level 3 of the Dungeon.
             The game lasted 00:10:04 (1974 turns).

Esekla the Grasshopper (Deep Elf Warper)            Turns: 1974, Time: 00:10:05

Health: 0/20       AC:  3    Str:  8    XL:     3   Next: 33%
Magic:  9/9        EV: 12    Int: 17    God:
Gold:   115        SH:  0    Dex: 15    Spells: 4/8 levels left

rFire    . . .     SeeInvis .   a - +0 falchion
rCold    . . .     Gourm    .   (no shield)
rNeg     . . .     Faith    .   b - +0 leather armour
rPois    .         Spirit   .   (no helmet)
rElec    .         Reflect  .   (no cloak)
rCorr    .         Harm     .   (no gloves)
MR       .....                  (no boots)
Stlth    ++........             (no amulet)
HPRegen  0.06/turn              g - ring of wizardry
MPRegen  0.11/turn              (no ring)

@: no status effects
A: no striking features
a: no special abilities


You were on level 3 of the Dungeon.
You were hungry.

You visited 1 branch of the dungeon, and saw 3 of its levels.

You collected 115 gold pieces.

Inventory:

Hand Weapons
 a - a +0 falchion (weapon)
 k - a +0 spear
Missiles
 e - 5 boomerangs of dispersal (quivered)
Armour
 b - a +0 leather armour (worn)
Jewellery
 g - a ring of wizardry (left hand)
Scrolls
 c - a scroll of fear
 d - 2 scrolls of blinking
 h - 2 scrolls of teleportation {unknown}
 m - a scroll of fog {unknown}
Potions
 j - 2 potions of ambrosia
 l - a potion of cancellation {unknown}
Comestibles
 f - 3 rations
 i - a chunk of flesh


   Skills:
 - Level 1.5 Fighting
 + Level 2.8 Long Blades
 - Level 1.0 Throwing
 + Level 1.1 Armour
 + Level 2.9 Dodging
 + Level 1.1 Stealth
 - Level 3.0 Spellcasting
 + Level 0.6 Charms
 - Level 3.2 Translocations


You had 4 spell levels left.
You knew the following spells:

 Your Spells              Type           Power        Failure   Level  Hunger
a - Shroud of Golubria    Chrm/Tloc      #.....       7%          2    ##.....
b - Blink                 Tloc           N/A          4%          2    ##.....

Your spell library contained the following spells:

 Spells                   Type           Power        Failure   Level  Hunger
 Gell's Gravitas          Tloc           ##........   8%          3    ###....
 Lesser Beckoning         Tloc           ##........   8%          3    ###....
 Teleport Other           Tloc           ##......     8%          3    ###....
 Passage of Golubria      Tloc           N/A          26%         4    ####...


Dungeon Overview and Level Annotations

Branches:
Dungeon (3/15)

Altars:

Annotations:
D:2 Terence


Message History

There is a stone staircase leading down here.
You climb downwards.
A bat, 2 orcs and 3 orc wizards come into view.
The orc wizard shouts! x3; The orc shouts!
You hear a shout!
Found 17 stones.
There is a stone staircase leading up here.
The orc shouts!
Found 19 sling bullets.
The bat barely misses you.
You riposte.
You hit the bat.
The bat is moderately wounded.
The bat misses you.
The orc wizard mumbles some strange words.
The orc wizard seems to speed up.
The bat hits you. The bat hits you but does no damage.
The orc wizard miscasts a cantrip.
The bat barely misses you.
You riposte.
You closely miss the bat.
The bat is moderately wounded.
The orc wizard gestures at you while chanting.
The magic dart hits you!
You die...

................o.
........o...o.....
(........<.......
........o........
####............
##............
#.###b............
#.................
#####@############
#.# #.# #.. ...
#... ####


You could see 2 orc wizards, an orc and a bat.

Vanquished Creatures
  An adder (D:2)
  An ooze (D:2)
  2 leopard geckos (D:2)
  2 giant cockroaches (D:1)
  3 goblins (D:1)
  4 hobgoblins (D:1)
  2 bats (D:2)
  2 frilled lizards (D:2)
  3 kobolds (D:1)
  7 rats (D:1)
27 creatures vanquished.

Notes
Turn   | Place    | Note
-------+----------+-------------------------------------------
     0 | D:1      | Esekla the Deep Elf Warper began the quest for the Orb.
     0 | D:1      | Reached XP level 1. HP: 12/12 MP: 6/6
   872 | D:1      | Reached XP level 2. HP: 16/16 MP: 8/8
   891 | D:1      | Learned a level 2 spell: Shroud of Golubria
   894 | D:1      | Learned a level 2 spell: Blink
   993 | D:1      | Reached skill level 1 in Armour
  1023 | D:2      | Noticed Terence
  1450 | D:2      | Reached XP level 3. HP: 20/20 MP: 9/9
  1857 | D:2      | Reached skill level 1 in Stealth
  1974 | D:3      | Killed from afar by an orc wizard

Levels and vault maps discovered:
D:1:      ebering_hopf_link, layout_loops_ring
D:2:      layout_basic, minmay_strange_pillars, uniq_terence
D:3:      layout_basic, lemuel_crystal_altar

Skill      XL: |  1  2  3 |
---------------+----------+-----
Long Blades    | 2 |  2.8
Armour         | 1 |  1.1
Stealth        | 1 |  1.1
Fighting       | |  1.5
Throwing       | |  1.0
Dodging        | |  2.9
Spellcasting   | |  3.0
Charms         | |  0.6
Translocations | |  3.2

Action                   || total
-------------------------++-------
Melee: Falchion          ||    98
 Cast: Shroud of Golubri ||     8
  Use: Potion            ||     2
       Scroll            ||     1
 Stab: Sleeping          ||     3
  Eat: Chunk             ||     3
Armor: Leather armour    ||    14
Dodge: Dodged            ||    66
       Rpst.: Falchion   ||    23
